[Event "Titled Tuesday Blitz February 28 Early 2023"]
[White "Castellanos Villela, Alejandro"]
[Black "Piriflillo"]
[WhiteFideId "3446379"]
[WhiteElo "2102"]
[BlackElo "2332"]
[Result "1-0"]
[Round "06"]
[TimeControl "180+2"]
[Date "2023.02.28"]
[WhiteClock "0:00:15"]
[BlackClock "0:00:05"]

1. e4 e5 2. Nf3 Nc6 3. Bc4 Bc5 4. O-O Nf6 5. d3 d6 6. Re1 h6 7. a4 a5 8. c3 O-O 9. h3 Ba7 10. Be3 Ne7 11. Bxa7 Rxa7 12. d4 Ng6 13. Nbd2 Ra8 14. Bb3 c6 15. Nf1 Nf4 16. Ng3 Qc7 17. Qd2 b6 18. Rad1 Ng6 19. Nf5 Kh7 20. g4 d5 21. exd5 e4 22. d6 Qb8 23. Ne5 Bxf5 24. gxf5 Nh4 25. Qf4 Nf3+ 26. Nxf3 exf3 27. Re7 Rd8 28. Bxf7 Qxd6 29. Bg6+ Kg8 30. Qxd6 Rxd6 31. Rd3 Nd5 32. Rb7 Nf4 33. Rxf3 Nxg6 34. fxg6 Rxg6+ 35. Kf1 c5 36. dxc5 bxc5 37. Rg3 Rxg3 38. fxg3 Rf8+ 39. Ke2 Re8+ 40. Kf3 Rd8 41. Ke3 Rd1 42. Rb5 Re1+ 43. Kf2 Rb1 44. Kf3 c4 45. Rxa5 Rxb2 46. Rc5 Ra2 47. Rxc4 Ra3 48. h4 Kf7 49. Ke4 Ke6 50. g4 Kd6 51. h5 Ra1 52. Kd3 Kd5 53. Rc7 Rxa4 54. Rxg7 Rf4 55. Rg6 Rf3+ 56. Ke2 Rg3 57. Kf2 Rxc3 58. Rxh6 Ke5 59. Rg6 Kf4 60. Ke2 Rh3 61. Kd2 Ke4 62. Kc2 Rh2+ 63. Kc3 Rh3+ 64. Kc4 Kf4 65. Kd5 Re3 66. Kd6 Ra3 67. Ke7 Ra7+ 68. Kf8 Ra8+ 69. Kg7 Ra7+ 70. Kh8 Ra8+ 71. Kh7 Ra7+ 72. Rg7 Ra6 73. h6 Ke5 74. g5 Kf5 75. Kh8 Ra8+ 76. Rg8 Ra7 77. h7 Ke6 78. g6 Kf6 79. g7 Kg6 80. Rf8 Rxg7 81. Rg8 Kf7 82. Rxg7+ Kf8 83. Rg2 Kf7 84. Rf2+ Kg6 85. Kg8 Kg5 86. h8=Q Kg6 87. Qh1 1-0


[Site "https://www.chess.com"]

[Event "Titled Tuesday Blitz February 28 Early 2023"]
[White "Kalajzic, Ivan"]
[Black "Korpics, Zsolt"]
[WhiteFideId "14506378"]
[BlackFideId "705241"]
[WhiteElo "2203"]
[BlackElo "2331"]
[Result "0-1"]
[Round "06"]
[TimeControl "180+2"]
[Date "2023.02.28"]
[WhiteClock "0:00:10"]
[BlackClock "0:01:41"]

1. d4 Nf6 2. Nc3 d5 3. Bg5 g6 4. Qd2 Bg7 5. Bh6 O-O 6. h4 c5 7. Bxg7 Kxg7 8. O-O-O cxd4 9. Qxd4 Nc6 10. Qf4 e5 11. Qg3 d4 12. e3 Qa5 13. Nb1 Nb4 14. c3 Nxa2+ 15. Kc2 Be6 16. Na3 Nxc3 17. Ra1 Qa4+ 18. Kc1 Qd1# 0-1


[Site "https://www.chess.com"]

[Event "Titled Tuesday Blitz February 28 Early 2023"]
[White "Kavutskiy, Konstantin"]
[Black "Lorenzo De La Riva, Lazaro"]
[WhiteFideId "2026384"]
[BlackFideId "2268809"]
[WhiteElo "2369"]
[BlackElo "2294"]
[Result "0-1"]
[Round "06"]
[TimeControl "180+2"]
[Date "2023.02.28"]
[WhiteClock "0:00:23"]
[BlackClock "0:00:51"]

1. d4 d5 2. c4 e6 3. Nf3 a6 4. Nc3 dxc4 5. e4 c5 6. d5 b5 7. Be2 Nf6 8. Bg5 h6 9. Bh4 g5 10. Bg3 Bg7 11. O-O O-O 12. h4 g4 13. Ne5 h5 14. f3 exd5 15. Nxd5 Nxd5 16. Qxd5 Qxd5 17. exd5 Re8 18. Nxc4 bxc4 19. Bxc4 gxf3 20. Rxf3 Bg4 21. Rb3 Nd7 22. d6 Bd4+ 23. Kh2 Ne5 24. Bd5 Rad8 25. Rb6 Be6 26. Bb7 Ng4+ 27. Kh3 a5 28. Bc6 Ne5+ 29. Kh2 Nxc6 30. Rxc6 Bd5 31. Ra6 Re2 0-1


[Site "https://www.chess.com"]

[Event "Titled Tuesday Blitz February 28 Early 2023"]
[White "Novikov, Evgenij"]
[Black "Antonio, Jorge Carlos"]
[WhiteFideId "4125380"]
[BlackFideId "113190"]
[WhiteElo "2242"]
[BlackElo "2247"]
[Result "1/2-1/2"]
[Round "06"]
[TimeControl "180+2"]
[Date "2023.02.28"]
[WhiteClock "0:00:07"]
[BlackClock "0:00:39"]

1. e4 c5 2. Nf3 e6 3. d4 cxd4 4. Nxd4 a6 5. c4 Nc6 6. Nxc6 bxc6 7. Bd3 d5 8. O-O Nf6 9. cxd5 cxd5 10. Nc3 d4 11. Ne2 e5 12. f4 Bd6 13. fxe5 Bxe5 14. Bf4 Qd6 15. Qa4+ Bd7 16. Bxe5 Qxe5 17. Qxd4 Ng4 18. Qxe5+ Nxe5 19. Rad1 Bg4 20. h3 Nxd3 21. hxg4 Nxb2 22. Rd4 O-O 23. Rb1 Rab8 24. Nc3 Rfc8 25. Nd5 Kf8 26. Rf1 Nc4 27. Rd3 Ne5 28. Ra3 Rc2 29. Rxa6 f6 30. g5 Rbb2 31. Nf4 Nd3 32. gxf6 Nxf4 33. fxg7+ Kxg7 34. Rxf4 Rxg2+ 35. Kh1 Rh2+ 36. Kg1 Rhg2+ 37. Kh1 Rh2+ 38. Kg1 Rhg2+ 1/2-1/2


[Site "https://www.chess.com"]

[Event "Titled Tuesday Blitz February 28 Early 2023"]
[White "Omelja, Artem"]
[Black "Tsyhanchuk, Stanislav"]
[WhiteFideId "14119846"]
[BlackFideId "13505130"]
[WhiteElo "2404"]
[BlackElo "2173"]
[Result "1-0"]
[Round "06"]
[TimeControl "180+2"]
[Date "2023.02.28"]
[WhiteClock "0:00:59"]
[BlackClock "0:00:04"]

1. e4 c5 2. Nf3 d6 3. Bb5+ Nd7 4. O-O a6 5. Bd3 b5 6. c4 Rb8 7. b3 bxc4 8. Bxc4 Ngf6 9. Nc3 g6 10. Re1 Bg7 11. Bb2 e5 12. Nd5 O-O 13. Qe2 Nxd5 14. exd5 a5 15. d3 a4 16. Nd2 Qa5 17. Ne4 a3 18. Bc3 Qc7 19. f4 Bb7 20. Rf1 Rbe8 21. f5 Nf6 22. Nxf6+ Bxf6 23. Qe4 Bc8 24. fxg6 fxg6 25. Bd2 Bf5 26. Qe2 e4 27. Rae1 exd3 28. Qxe8 Rxe8 29. Rxe8+ Kf7 30. Ree1 Bd4+ 31. Kh1 Kg7 32. Bg5 Bf6 33. Bxf6+ Kxf6 34. g4 d2 35. Rd1 Qa5 36. gxf5 Qc3 37. fxg6+ Kxg6 38. Rf2 Qd4 39. Rdxd2 Qe4+ 40. Kg1 Qe1+ 41. Kg2 Qe4+ 42. Rf3 Kg7 43. Rf2 h5 44. Kg1 h4 45. h3 Qe1+ 46. Kg2 Qe4 47. Re2 Qg6+ 48. Kf2 Kg8 49. Bd3 Qg5 50. Bf5 Kg7 51. Be6 Kh6 52. Bf5 Qc1 53. Kg2 Qa1 54. Bg4 Qd4 55. Re6+ Kg5 56. Rf5# 1-0


[Site "https://www.chess.com"]

[Event "Titled Tuesday Blitz February 28 Early 2023"]
[White "Rodriguez Fontecha, Marcos"]
[Black "Kaufman, Raymond"]
[WhiteFideId "2256576"]
[BlackFideId "2015056"]
[WhiteElo "2263"]
[BlackElo "2321"]
[Result "1-0"]
[Round "06"]
[TimeControl "180+2"]
[Date "2023.02.28"]
[WhiteClock "0:00:13"]
[BlackClock "0:00:07"]

1. Nf3 d5 2. g3 Nc6 3. Bg2 e5 4. d3 Nf6 5. O-O Be7 6. Nbd2 O-O 7. e4 dxe4 8. dxe4 h6 9. Re1 Be6 10. c3 a5 11. Qc2 Bc5 12. Nf1 Qe7 13. Ne3 Rfd8 14. Nf5 Qf8 15. Be3 Bxe3 16. Nxe3 a4 17. Nh4 g6 18. Nf3 Kg7 19. Nd2 a3 20. b3 Rd7 21. Rad1 Rad8 22. Nb1 Rxd1 23. Rxd1 Rxd1+ 24. Qxd1 Qc5 25. Qc1 Nd4 26. Qxa3 Ne2+ 27. Kf1 Qxa3 28. Nxa3 Nxc3 29. Nac4 Nd7 30. a4 f6 31. Ke1 Nc5 32. Nd2 Nd3+ 33. Kf1 Kf8 34. Nd5 Bxd5 35. exd5 b6 36. Ne4 Nxe4 37. Bxe4 Nc5 38. Bc2 f5 39. b4 Na6 40. a5 Nxb4 41. d6 cxd6 42. axb6 Ke7 43. b7 Nc6 44. g4 e4 45. Ke2 d5 46. Ke3 d4+ 47. Kf4 d3 48. Ba4 d2 49. gxf5 gxf5 50. Kxf5 1-0


[Site "https://www.chess.com"]

[Event "Titled Tuesday Blitz February 28 Early 2023"]
[White "Fawzy, Adham"]
[Black "De Souza, Cristiano Gomes"]
[WhiteFideId "10613129"]
[BlackFideId "2151758"]
[WhiteElo "2543"]
[BlackElo "2068"]
[Result "1-0"]
[Round "06"]
[TimeControl "180+2"]
[Date "2023.02.28"]
[WhiteClock "0:00:08"]
[BlackClock "0:00:03"]

1. e4 c5 2. Nf3 d6 3. d4 cxd4 4. Nxd4 Nf6 5. Nc3 a6 6. Bg5 e6 7. f4 Be7 8. Qf3 h6 9. Bh4 g5 10. fxg5 Nfd7 11. Qh5 Ne5 12. Bf2 Bxg5 13. h4 Bf6 14. O-O-O Nbc6 15. g4 Bd7 16. Be2 b5 17. Bxb5 axb5 18. Ndxb5 Ke7 19. Nxd6 Qa5 20. Rhe1 Rab8 21. Nf5+ exf5 22. Nd5+ Kd8 23. Nxf6 Qb4 24. Nxd7 Qxb2+ 25. Kd2 Nxd7 26. Qxf5 Qf6 27. Ke2 Qxf5 28. exf5 Re8+ 29. Kf3 Rxe1 30. Bxe1 Rb2 31. g5 hxg5 32. hxg5 Rxc2 33. g6 fxg6 34. fxg6 Ke7 35. Rxd7+ Kxd7 36. g7 Ne5+ 37. Ke4 Rc8 38. Kxe5 Rg8 39. Kf6 Ke8 40. Bb4 Kd7 41. a4 Ra8 42. a5 Kc6 43. Bf8 Kb5 44. g8=Q Rxa5 45. Qd5+ Ka6 46. Qc6+ Ka7 47. Bc5+ Kb8 48. Qb6+ Kc8 49. Qxa5 Kd7 50. Qb6 1-0


[Site "https://www.chess.com"]

[Event "Titled Tuesday Blitz February 28 Early 2023"]
[White "Abdilkhair, Abilmansur"]
[Black "Kiseleva, Arina"]
[WhiteFideId "13716417"]
[BlackFideId "4164989"]
[WhiteElo "2216"]
[BlackElo "1756"]
[Result "1-0"]
[Round "06"]
[TimeControl "180+2"]
[Date "2023.02.28"]
[WhiteClock "0:01:01"]
[BlackClock "0:00:03"]

1. d4 Nf6 2. c4 e6 3. Nc3 Bb4 4. Qb3 a5 5. a3 Bxc3+ 6. Qxc3 a4 7. Nf3 d6 8. Bg5 Nbd7 9. Nd2 h6 10. Bh4 c5 11. e3 b6 12. Be2 Bb7 13. O-O Qc7 14. Bg3 O-O 15. Rad1 Rfc8 16. h3 e5 17. Bd3 cxd4 18. exd4 Nh5 19. d5 Nxg3 20. fxg3 b5 21. cxb5 Qb6+ 22. Kh2 Rxc3 23. bxc3 Bxd5 24. Bf5 Nf6 25. c4 Bb7 26. Nb1 Rc8 27. Bxc8 Bxc8 28. Nc3 Qa5 29. Rc1 Bb7 30. Rfd1 Ne4 31. Nd5 1-0


[Site "https://www.chess.com"]

[Event "Titled Tuesday Blitz February 28 Early 2023"]
[White "Kuchava, Ana"]
[Black "Mirzanurov, Bulat"]
[WhiteFideId "13605348"]
[BlackFideId "4184521"]
[WhiteElo "2001"]
[BlackElo "2019"]
[Result "1/2-1/2"]
[Round "06"]
[TimeControl "180+2"]
[Date "2023.02.28"]
[WhiteClock "0:00:09"]
[BlackClock "0:00:12"]

1. d4 d5 2. Nf3 Nf6 3. c4 e6 4. Nc3 c6 5. Qb3 Qb6 6. c5 Qxb3 7. axb3 a6 8. b4 Bd7 9. Bf4 Be7 10. e3 a5 11. Rxa5 Na6 12. Bxa6 bxa6 13. O-O O-O 14. Rfa1 Bc8 15. b5 cxb5 16. Nxb5 Nh5 17. Bd6 Bxd6 18. Nxd6 h6 19. Kf1 Bd7 20. Ke2 Rfb8 21. R1a2 Nf6 22. Kd3 Ne4 23. Ne5 Be8 24. Nxe4 Bb5+ 25. Kc3 dxe4 26. Nc4 Ra7 27. Nd6 Bf1 28. g3 Rc7 29. h4 Be2 30. b4 Bd3 31. Nc4 Rcb7 32. Nb6 Rc7 33. Rd2 Rxb6 34. Kb3 Rb8 35. Rda2 Rcb7 36. R2a4 Be2 37. Kc3 Bd1 38. Ra1 Be2 39. R1a4 Bb5 40. Ra3 Bc6 41. Rb3 Bd5 42. Rb2 Ra7 43. Rb1 Rab7 44. Rb2 Ra8 45. Rb1 Bc6 46. Rb2 Bb5 47. Rb1 Rd8 48. Rb2 f6 49. Rd2 Kf7 50. Rd1 e5 51. d5 Rbd7 52. d6 Ke6 53. Rd2 Rb7 54. Rda2 f5 55. Rb2 g5 56. Rd2 f4 57. hxg5 hxg5 58. gxf4 gxf4 59. Rd1 Kf5 60. Rh1 Rg7 61. Rh5+ Kg4 62. Rxe5 Kf3 63. exf4 Kxf2 64. Rxe4 Kf3 65. Re7 Rg3 66. Kd4 Kf2 67. Rf7 Rd3+ 68. Ke5 Kf3 69. Re7 Re3+ 70. Kf6 Rd3 71. Kf7 Rd4 72. f5 Rf4 73. f6 Rf5 74. Kg6 Bd3 75. Kh6 Rf4 76. f7 Rf8 77. Kg7 Rd8 78. d7 Bf5 79. Re8 Rxd7 80. Rc8 Be6 81. Rf8 Rfxf7+ 82. Rxf7+ Rxf7+ 83. Kg6 Bc4 84. Rxa6 Rf4 85. Rb6 Re4 86. Kg5 Ke3 87. c6 Kd4 88. c7 Re8 89. Rb8 Re5+ 90. Kf6 Be6 91. c8=Q Bxc8 92. Rxc8 Rb5 93. Rd8+ Kc4 94. Rc8+ Kxb4 95. Ke6 Ka4 96. Kd7 Kb4 97. Kc7 Kb3 98. Rb8 Rxb8 99. Kxb8 1/2-1/2


[Site "https://www.chess.com"]

[Event "Titled Tuesday Blitz February 28 Early 2023"]
[White "Tarasova, Viktoriya"]
[Black "Gutierrez Espinosa, Karen"]
[WhiteFideId "4175840"]
[BlackFideId "3513238"]
[WhiteElo "2182"]
[BlackElo "2017"]
[Result "0-1"]
[Round "06"]
[TimeControl "180+2"]
[Date "2023.02.28"]
[WhiteClock "0:00:02"]
[BlackClock "0:00:30"]

1. d4 d5 2. c4 c6 3. Nf3 Nf6 4. Nc3 e6 5. Bg5 Nbd7 6. e3 h6 7. Bh4 b6 8. Bd3 dxc4 9. Bxc4 b5 10. Bd3 Bb7 11. O-O Bd6 12. e4 e5 13. dxe5 Nxe5 14. Nxe5 Bxe5 15. Kh1 Qc7 16. Bxf6 Bxf6 17. f4 b4 18. e5 Bxe5 19. fxe5 bxc3 20. bxc3 O-O 21. Qg4 Qxe5 22. Rf3 Qg5 23. Qd7 Bc8 24. Qxc6 Be6 25. Qe4 g6 26. Rg3 Qf6 27. Rc1 Bf5 28. Qe3 Bxd3 29. Qxd3 Rad8 30. Qe3 Rfe8 31. Qxa7 Re2 32. a4 Qf4 33. Rg1 Rf2 34. Qb6 Rdd2 35. a5 Rf1 0-1


[Site "https://www.chess.com"]

[Event "Titled Tuesday Blitz February 28 Early 2023"]
[White "Nur-Mukhametova, Alisa"]
[Black "Jesusesmifuerza"]
[WhiteFideId "54117739"]
[WhiteElo "2007"]
[BlackElo "2015"]
[Result "1-0"]
[Round "06"]
[TimeControl "180+2"]
[Date "2023.02.28"]
[WhiteClock "0:00:42"]
[BlackClock "0:00:08"]

1. d4 d5 2. c4 e6 3. Nc3 a6 4. cxd5 exd5 5. Bf4 Nf6 6. e3 c5 7. Nf3 Nc6 8. Be2 Bg4 9. O-O cxd4 10. Nxd4 Bxe2 11. Ncxe2 Bd6 12. Bxd6 Qxd6 13. Rc1 O-O 14. Nxc6 bxc6 15. Qc2 Rfc8 16. Rfd1 Qe7 17. Nf4 h6 18. Qd3 Qe4 19. Qxe4 Nxe4 20. Rc2 g5 21. Nd3 Rab8 22. Rdc1 a5 23. Rxc6 Rxc6 24. Rxc6 Nd2 25. Rc5 Nc4 26. b3 a4 27. Nc1 axb3 28. axb3 Nd2 29. Rc3 Ne4 30. Rc2 Kg7 31. f3 Nf6 32. Kf2 Kf8 33. Rb2 Ke7 34. b4 Kd6 35. Ne2 Nd7 36. Nd4 h5 37. b5 Nb6 38. Ra2 Nc4 39. Ra7 f6 40. Rf7 Ke5 41. Nc6+ 1-0


[Site "https://www.chess.com"]

[Event "Titled Tuesday Blitz February 28 Early 2023"]
[White "Chemin, Justo Reinaldo"]
[Black "Gatterer, Florian"]
[WhiteFideId "2101580"]
[BlackFideId "811688"]
[WhiteElo "1940"]
[BlackElo "2221"]
[Result "1-0"]
[Round "06"]
[TimeControl "180+2"]
[Date "2023.02.28"]
[WhiteClock "0:00:13"]
[BlackClock "0:00:06"]

1. d4 d5 2. Nf3 Nf6 3. Bf4 c5 4. e3 Nc6 5. c3 Qb6 6. Qb3 c4 7. Qc2 Bf5 8. Qc1 e6 9. Nbd2 Nh5 10. Bg3 Qd8 11. Be2 Nxg3 12. hxg3 h6 13. b3 b5 14. bxc4 bxc4 15. O-O Be7 16. Bd1 O-O 17. Bc2 Qa5 18. Bxf5 exf5 19. Qc2 g6 20. Nh2 Rab8 21. g4 fxg4 22. Nxg4 Kg7 23. Nh2 Bd6 24. e4 Qc7 25. e5 Be7 26. f4 f5 27. g4 Nd8 28. Kh1 Ne6 29. Rg1 Kh7 30. gxf5 gxf5 31. Raf1 Rf7 32. Rg3 Rg8 33. Rxg8 Kxg8 34. Ndf3 Nxf4 35. e6 Rf6 36. Ne5 Nd3 37. Rg1+ Kh7 38. Nxd3 cxd3 39. Qxd3 Qf4 40. Rf1 Qe4+ 41. Qxe4 dxe4 42. d5 Bc5 43. c4 f4 44. Ng4 Rf5 45. Kg2 f3+ 46. Kg3 e3 47. Nxe3 Bxe3 48. Rxf3 Rxf3+ 49. Kxf3 Bc5 50. Ke4 Kg7 51. Ke5 h5 52. d6 Kf8 53. Kd5 Bb4 54. c5 h4 55. c6 Ke8 56. c7 Kf8 57. c8=Q+ Kg7 58. Qd7+ Kg6 59. Qf7+ Kg5 60. Qg7+ Kf4 61. e7 h3 62. e8=Q h2 63. Qe4# 1-0


[Site "https://www.chess.com"]

[Event "Titled Tuesday Blitz February 28 Early 2023"]
[White "Kostiukov, Alexandr"]
[Black "Shuvalova, Polina"]
[WhiteFideId "14108100"]
[BlackFideId "24171760"]
[WhiteElo "2202"]
[BlackElo "2330"]
[Result "1-0"]
[Round "06"]
[TimeControl "180+2"]
[Date "2023.02.28"]
[WhiteClock "0:00:02"]
[BlackClock "0:00:01"]

1. g3 d5 2. Bg2 e5 3. c4 Nf6 4. cxd5 Nxd5 5. Nf3 Nc6 6. O-O Be7 7. d4 e4 8. Ne5 Nf6 9. Nxc6 bxc6 10. Nc3 Bf5 11. Qa4 Qd7 12. f3 O-O 13. fxe4 Be6 14. e5 Nd5 15. Nxd5 Bxd5 16. e4 Be6 17. d5 Bg4 18. Qxc6 Qxc6 19. dxc6 Rab8 20. Be3 Rxb2 21. Bxa7 Ra8 22. Rf2 Rb5 23. Bd4 Rb4 24. Be3 Ra3 25. Bc1 Ra6 26. Rc2 h5 27. Be3 Rba4 28. Rb1 Rxa2 29. Rxa2 Rxa2 30. h3 Be6 31. Rb7 Ra1+ 32. Kf2 Ra2+ 33. Kf3 g5 34. g4 hxg4+ 35. hxg4 Ra3 36. Kf2 Bxg4 37. Rxc7 Bb4 38. Rb7 Ra2+ 39. Kg3 Ra3 40. Rxb4 1-0


[Site "https://www.chess.com"]

[Event "Titled Tuesday Blitz February 28 Early 2023"]
[White "Caspi, Israel"]
[Black "Kornyukov, Alexey"]
[WhiteFideId "2807394"]
[BlackFideId "4150457"]
[WhiteElo "2419"]
[BlackElo "2352"]
[Result "1-0"]
[Round "06"]
[TimeControl "180+2"]
[Date "2023.02.28"]
[WhiteClock "0:02:00"]
[BlackClock "0:01:37"]

1. e4 c5 2. Nc3 Nc6 3. Bb5 e6 4. Bxc6 bxc6 5. f4 d5 6. d3 d4 7. Nce2 Be7 8. Nf3 Nf6 9. b3 O-O 10. Bd2 Ng4 11. Qc1 Bf6 12. h3 Ne3 13. Bxe3 dxe3 14. e5 Be7 15. Qxe3 f6 16. O-O fxe5 17. Nxe5 Qc7 18. Rae1 Bd6 19. Nc3 Bb7 20. Ne4 Bxe5 21. fxe5 Rxf1+ 22. Rxf1 Kh8 23. Qxc5 Rd8 24. Rf8+ 1-0


[Site "https://www.chess.com"]

[Event "Titled Tuesday Blitz February 28 Early 2023"]
[White "Wilson, Elvin"]
[Black "Cella, Glaucio Dalla Cortt"]
[WhiteFideId "2014874"]
[BlackFideId "2119455"]
[WhiteElo "2298"]
[BlackElo "2011"]
[Result "0-1"]
[Round "06"]
[TimeControl "180+2"]
[Date "2023.02.28"]
[WhiteClock "0:00:03"]
[BlackClock "0:00:29"]

1. c4 Nf6 2. g3 e6 3. Bg2 c5 4. Nf3 Nc6 5. O-O g6 6. d4 cxd4 7. Nxd4 Bg7 8. Nc3 d5 9. cxd5 exd5 10. Nxc6 bxc6 11. Qa4 Bd7 12. Qa3 Bf8 13. Qa6 Bg7 14. e4 Nxe4 15. Nxe4 dxe4 16. Qa3 Qe7 17. Qa5 Bf5 18. Be3 O-O 19. Bc5 Qe5 20. Qb4 Rfb8 21. Qa3 Qe6 22. b4 a5 23. bxa5 Bb2 24. Qe3 Bxa1 25. Rxa1 Rxa5 26. a3 Rd8 27. Bd4 Bh3 28. Bb2 Rad5 29. Qc3 Rd1+ 30. Bf1 f6 31. Qc2 Rxa1 32. Bxa1 Bxf1 33. Kxf1 Qh3+ 34. Kg1 Qe6 35. Kg2 Kf7 36. a4 Qd5 0-1


[Site "https://www.chess.com"]

[Event "Titled Tuesday Blitz February 28 Early 2023"]
[White "Ljukin, Sergei"]
[Black "Alhadad, Mahmoud"]
[WhiteFideId "14102200"]
[BlackFideId "11501863"]
[WhiteElo "2312"]
[BlackElo "1955"]
[Result "1-0"]
[Round "06"]
[TimeControl "180+2"]
[Date "2023.02.28"]
[WhiteClock "0:00:41"]
[BlackClock "0:00:15"]

1. e4 d5 2. exd5 Nf6 3. d4 Bg4 4. Bb5+ Nbd7 5. Be2 Bxe2 6. Qxe2 Nxd5 7. c4 N5b6 8. Nf3 Nf6 9. O-O e6 10. Nc3 Be7 11. Bf4 O-O 12. Rad1 c6 13. b3 a5 14. h3 a4 15. Rb1 axb3 16. Rxb3 Na4 17. Nxa4 Rxa4 18. Rxb7 Bd6 19. Ne5 Qa8 20. Rfb1 Rxa2 21. Qf3 c5 22. Nd7 Nxd7 23. Bxd6 cxd4 24. Bxf8 Nxf8 25. Qxf7+ 1-0


[Site "https://www.chess.com"]

[Event "Titled Tuesday Blitz February 28 Early 2023"]
[White "Zaichenko, Daria"]
[Black "Ibadov, Dashgyn"]
[WhiteFideId "4197453"]
[BlackFideId "24107514"]
[WhiteElo "2039"]
[BlackElo "2208"]
[Result "0-1"]
[Round "06"]
[TimeControl "180+2"]
[Date "2023.02.28"]
[WhiteClock "0:00:32"]
[BlackClock "0:00:39"]

1. e4 e6 2. d4 d5 3. Bd3 dxe4 4. Bxe4 Nf6 5. Bf3 c5 6. Ne2 Nc6 7. Be3 e5 8. Bxc6+ bxc6 9. dxe5 Qxd1+ 10. Kxd1 Ng4 11. Nd2 Be6 12. c4 O-O-O 13. b3 Nxe3+ 14. fxe3 Rd3 15. Nf4 Rxe3 16. Nxe6 fxe6 17. Nf3 Be7 18. Kd2 Re4 19. Kd3 Rg4 20. Rhg1 Rd8+ 21. Ke3 Bg5+ 22. Kf2 Bf4 23. g3 Bd2 24. Rad1 Bc3 25. Rxd8+ Kxd8 26. Rd1+ Bd4+ 27. Nxd4 cxd4 28. c5 Re4 29. b4 Ke7 30. Kf3 Re3+ 31. Kf4 g5+ 32. Kxg5 Rxe5+ 33. Kf4 Rd5 34. Ke4 e5 35. g4 Ke6 36. h4 Rd7 37. a4 Rf7 38. b5 Rf4+ 39. Kd3 Rxg4 40. b6 Kd5 41. Rb1 e4+ 42. Ke2 Rg2+ 43. Kf1 Rg8 44. a5 Kxc5 45. b7 Rb8 46. a6 Kd5 47. Ke2 c5 48. Rg1 e3 49. Rg5+ Kc4 50. Rg7 Kb5 51. Rg5 Kxa6 52. Rxc5 Rxb7 53. Rd5 Rb2+ 54. Kf3 Rd2 0-1


[Site "https://www.chess.com"]

[Event "Titled Tuesday Blitz February 28 Early 2023"]
[White "Baches Garcia, Guillermo"]
[Black "Martin, Lewis"]
[WhiteFideId "2209764"]
[BlackFideId "410551"]
[WhiteElo "2484"]
[BlackElo "2145"]
[Result "1-0"]
[Round "06"]
[TimeControl "180+2"]
[Date "2023.02.28"]
[WhiteClock "0:02:14"]
[BlackClock "0:01:57"]

1. e4 c5 2. Nf3 d6 3. d4 cxd4 4. Nxd4 Nf6 5. Nc3 a6 6. Be3 e5 7. Nb3 Be7 8. f3 Be6 9. Qd2 Nc6 10. Nd5 Bxd5 11. exd5 Nb8 12. Be2 Nbd7 13. O-O O-O 14. c4 Rc8 15. Rac1 Nh5 16. Na5 Rc7 17. b4 f5 18. c5 Nhf6 19. c6 bxc6 20. Nxc6 Qe8 21. Nxe7+ 1-0


[Site "https://www.chess.com"]

[Event "Titled Tuesday Blitz February 28 Early 2023"]
[White "Bulatova, Kamaliya"]
[Black "Omariev, Maksim"]
[WhiteFideId "34111546"]
[BlackFideId "4193423"]
[WhiteElo "2039"]
[BlackElo "2472"]
[Result "1-0"]
[Round "06"]
[TimeControl "180+2"]
[Date "2023.02.28"]
[WhiteClock "0:01:22"]
[BlackClock "0:00:04"]

1. d4 h5 2. e4 h4 3. h3 c6 4. e5 d5 5. exd6 Qxd6 6. Nc3 Qg6 7. Nf3 Bf5 8. Ne5 Qh7 9. Bd3 Nf6 10. Qf3 Bxd3 11. Nxd3 Nbd7 12. d5 cxd5 13. Nxd5 Nxd5 14. Qxd5 e6 15. Qxb7 Rb8 16. Qc6 Be7 17. Bf4 Rd8 18. Bc7 O-O 19. Bxd8 Rxd8 20. O-O Nb6 21. Qc7 Bf6 22. Rad1 Nd5 23. Qxa7 Qg6 24. c4 Ne7 25. Nf4 Rxd1 26. Nxg6 Rxf1+ 27. Kxf1 Nxg6 28. c5 Kh7 29. c6 1-0


[Site "https://www.chess.com"]

[Event "Titled Tuesday Blitz February 28 Early 2023"]
[White "Sprenar, Petr"]
[Black "Lauridsen, Jesper Morch"]
[WhiteFideId "397164"]
[BlackFideId "1401890"]
[WhiteElo "2182"]
[BlackElo "2245"]
[Result "0-1"]
[Round "06"]
[TimeControl "180+2"]
[Date "2023.02.28"]
[WhiteClock "0:00:53"]
[BlackClock "0:00:16"]

1. Nf3 g6 2. g3 Bg7 3. Bg2 Nf6 4. O-O O-O 5. d3 c5 6. Nbd2 d5 7. Rb1 Nc6 8. a3 Bg4 9. h3 Bf5 10. c4 dxc4 11. Nxc4 Qd7 12. Kh2 Rad8 13. b4 cxb4 14. axb4 b5 15. Nfe5 Nxe5 16. Nxe5 Qe6 17. Nc6 Rd6 18. e4 Bg4 19. hxg4 Nxg4+ 20. Kg1 Rxc6 21. d4 Rc4 22. d5 Qd7 23. Bh3 h5 24. f3 Bd4+ 25. Kg2 Rfc8 26. fxg4 Rc2+ 27. Kh1 Qd6 28. Qf3 h4 29. Bf4 hxg3 30. Qxg3 e5 31. dxe6 Qxe6 32. g5 Qxe4+ 33. Qf3 R8c3 0-1


[Site "https://www.chess.com"]

[Event "Titled Tuesday Blitz February 28 Early 2023"]
[White "Grave, Jacob Templen"]
[Black "Ardila, Oscar Humberto"]
[WhiteFideId "1542656"]
[BlackFideId "4404742"]
[WhiteElo "2191"]
[BlackElo "1946"]
[Result "0-1"]
[Round "06"]
[TimeControl "180+2"]
[Date "2023.02.28"]
[WhiteClock "0:00:01"]
[BlackClock "0:00:17"]

1. b3 Nf6 2. Bb2 e6 3. f4 Be7 4. Nf3 O-O 5. e3 d6 6. c4 c5 7. Bd3 Nc6 8. a3 d5 9. Qc2 d4 10. exd4 Nxd4 11. Nxd4 cxd4 12. O-O b6 13. Be4 Rb8 14. Bf3 Qd7 15. d3 Rd8 16. Nd2 Qc7 17. g3 Bb7 18. Ne4 Nxe4 19. Bxe4 Bxe4 20. dxe4 e5 21. fxe5 Qxe5 22. Rf5 Qe6 23. Qd3 Bf6 24. Re1 Be5 25. Ref1 f6 26. Bc1 b5 27. cxb5 Rbc8 28. Bd2 Rc7 29. Ba5 Rdc8 30. Bxc7 Rxc7 31. R5f2 Rc3 32. Qd1 Rxb3 33. Rc2 Rxb5 34. Qe2 Rb8 35. Rfc1 Rd8 36. Qd3 h5 37. Kg2 h4 38. Rc6 Qg4 39. Qf3 h3+ 40. Kf2 Qd7 41. Qf5 d3 42. Rc8 Qd4+ 43. Kf3 d2 44. Rxd8+ Qxd8 45. Qe6+ Kh7 0-1


[Site "https://www.chess.com"]

[Event "Titled Tuesday Blitz February 28 Early 2023"]
[White "mohsengabr2002"]
[Black "Rose, Felix"]
[BlackFideId "5105722"]
[WhiteElo "2412"]
[BlackElo "2039"]
[Result "0-1"]
[Round "06"]
[TimeControl "180+2"]
[Date "2023.02.28"]
[WhiteClock "0:00:32"]
[BlackClock "0:00:22"]

1. e4 c5 2. Nf3 d6 3. d4 cxd4 4. Nxd4 Nf6 5. Nc3 a6 6. Be3 e5 7. Nb3 Be6 8. f3 Be7 9. Qd2 h5 10. O-O-O Nbd7 11. Bg5 Qc7 12. Be2 b5 13. h3 h4 14. Qe1 b4 15. Bxf6 bxc3 16. Bxe7 cxb2+ 17. Kxb2 Kxe7 18. f4 exf4 19. Rf1 g5 20. Qd2 Ne5 21. Qd4 Rhc8 22. Rd2 a5 23. Rfd1 a4 24. Nc1 Rab8+ 25. Ka1 Rb6 26. Nd3 Nc4 27. e5 Nxd2 28. Rxd2 Rcb8 29. exd6+ Qxd6 30. Qxd6+ Kxd6 31. Rd1 Ke7 32. Ne5 f6 33. Nd3 Bd5 34. Bf1 Kf7 35. Nc5 Be6 36. Nxa4 Ra6 37. Nc3 Ra3 38. Rd3 Rc8 39. Nb5 Rxa2+ 40. Kb1 Rb8 41. Rd6 Rxb5+ 42. Bxb5 Ra5 43. c4 Ke7 44. Rb6 Ra7 45. Kc2 Rc7 46. Kd3 f3 47. gxf3 Bxh3 48. Bc6 Bf1+ 49. Kd4 h3 50. f4 Bxc4 51. Kxc4 h2 52. Kd4 Rxc6 53. Rxc6 h1=Q 54. Rc7+ Kd6 55. Rf7 Qd1+ 56. Ke3 Qc1+ 57. Ke2 Qxf4 58. Rg7 Ke5 59. Re7+ Kf5 60. Rg7 Qc4+ 61. Kf2 g4 62. Kg3 Qd3+ 63. Kg2 Qf3+ 64. Kg1 Qg3+ 65. Kf1 Qa3 66. Kg2 Kf4 67. Kh2 Qb2+ 68. Kg1 f5 69. Rg6 Kg3 70. Kf1 Qf2# 0-1


[Site "https://www.chess.com"]